cohdb
Replays
Latest Replays
All Replays
Popular Replays
Top Player Replays
Match Explorer
How It Works
Community
CoH3 Stats
Reddit
Sign in to upload your games and track your stats! →
Sign in with Steam
Match 38355761
Unlisted
Match 38355761
Overview
Messages
Build Orders
End
Kradschützen Motorcycle Team
Selects Italian Infantry
Selects Italian Infantry
250 Light Carrier
Panzerpioneer Squad
250 Light Carrier
Construct Light Support Kompanie
Combat Half-tracks
Construct Mechanized Kompanie
Advanced Field Repairs
Selects Guastatori Squad
Guastatori Squad
Selects Registered Artillery
8 Rad Armored Car
Panzerjäger Mechanized Group
Guastatori Squad
Selects Sound the Alarm
Selects Territory Booby Traps
Selects Sound the Alarm
Construct Panzerarmee Kommand
Registered Artillery
Sound the Alarm
Selects Towed Cannone da 105/28 Field Howitzer
Selects Towed Cannone da 105/28 Field Howitzer
Vehicle Survival Package
Emergency Repair Kits
Towed Cannone da 105/28 Field Howitzer
Registered Artillery
Selects Prepared Positions
Selects Territory Booby Traps
Armored Reserves
Panzerjäger Squad
Panzerjäger Squad
Selects Propaganda War
Propaganda War
Registered Artillery
Tiger Heavy Tank
Tungsten Core Ammunition
Propaganda War
Panzer IV Assault Group
『BlackBear』
fat_icebear
Requiel
Siren
0
0
Comments
sign in to comment!
No comments posted yet!